 Dungeon Crawl Stone Soup version 0.18-a0-1123-gbd92598 (webtiles) character file.

168 M4edhros the Sneak (level 5, -1/33 HPs)
             Began as an Octopode Artificer on Jan 19, 2016.
             Killed from afar by Blork the orc (3 damage)
             ... with a puff of flame
             ... on level 5 of the Dungeon.
             The game lasted 00:02:34 (2351 turns).

M4edhros the Sneak (Octopode Artificer)             Turns: 2351, Time: 00:02:35

Health: -1/33      AC:  1    Str: 10    XL:     5   Next: 48%
Magic:  8/8        EV: 13    Int: 16    God:
Gold:   38         SH:  0    Dex: 12    Spells: 0 memorised, 4 levels left

rFire  . . .     SeeInvis .     a - +0 short sword
rCold  . . .     Gourm    .     (no shield)
rNeg   . . .     Faith    .     (helmet restricted)
rPois  .         Spirit   .     (no amulet)
rElec  .         Dismiss  .     (no ring)
rCorr  .         Reflect  .     (no ring)
SustAt .         Harm     .     (no ring)
MR     .....                    (no ring)
Stlth  ++++......               (no ring)
                                (no ring)
                                (no ring)
                                (no ring)

@: not resistant to hostile enchantments, stealthy
A: almost no armour, amphibious, 8 rings, constrict 8, camouflage 1, gelatinous
body 1
a: no special abilities


You were on level 5 of the Dungeon.
You were not hungry.

You visited 1 branch of the dungeon, and saw 5 of its levels.

You collected 38 gold pieces.

Inventory:

Hand Weapons
 a - a +0 short sword (weapon)
Missiles
 l - 23 stones (quivered)
 n - 7 sling bullets of flame
Wands
 b - a wand of flame (9/48)
 c - a wand of enslavement (13/24)
 d - a wand of random effects (4/48)
Scrolls
 e - a scroll of noise {unknown}
 g - 2 scrolls of identify {unknown}
 h - a scroll of random uselessness {unknown}
 i - 2 scrolls of fear {unknown}
 j - a scroll of amnesia {unknown}
Potions
 k - a potion of flight
 o - a potion of agility {unknown}
Comestibles
 f - 2 bread rations
 m - 2 meat rations


   Skills:
 - Level 1.0 Fighting
 - Level 1.0 Short Blades
 * Level 3.8 Dodging
 * Level 4.8 Stealth
 + Level 4.0 Evocations


You had 4 spell levels left.
You didn't know any spells.

Dungeon Overview and Level Annotations

Branches:
Dungeon (5/15)
 Temple: D:4-7

Altars:

Shops:
D:4 ?   D:5 ?:

Annotations:
D:4 st0uf's ghost, weakling DrTm
D:5 Blork the orc


Innate Abilities, Weirdness & Mutations

You cannot wear most types of armour.
You are amphibious.
You can wear up to eight rings at the same time.
You can use your tentacles to constrict eight enemies at once.
Your skin changes colour to match your surroundings (Stealth).
Your rubbery body absorbs attacks (AC +1).


Message History

Blork the orc is heavily wounded.
Blork the orc gestures at you while chanting.
The puff of frost hits you!
You hit Blork the orc. You grab Blork the orc.
Blork the orc is severely wounded.
You constrict Blork the orc.
Blork the orc hits you with a short sword.
Blork the orc hits you with a short sword!
Evoke which item? (* to show all) (? for menu, Esc to quit)
Zapping:
d - a wand of random effects (5/48)
Press: ? - help, Shift-Dir - straight line, f/p - Blork the orc
Aim: Blork the orc, wielding a short sword and wearing a robe (severely wounded, constricted by you, fast)
The fireball explodes!
The fireball engulfs Blork the orc.
Blork the orc is almost dead.
The fireball engulfs you!
* * * LOW HITPOINT WARNING * * *
This wand has 4 charges left.
You constrict Blork the orc.
Blork the orc points at you and mumbles some strange words.
The puff of flame hits you!
You die...

######## #... #
#......#### ####.### .#
#.........# #......# .#
#.#.##..#.# ##...#.#.##.#
#.#..#..#.#####@#.#.......
#.##.#..#......o..#......
#.##.#..#######.###..#..#
#.......# .... #<##.##
#.##.##.# ...###.....#
#.##....# ....# ####.##
#.#####.# ....# #)#
#.......# .....# #)#
#######.# ..# #†#


You could see Blork the orc.

Vanquished Creatures
  An orc priest (D:5)
  2 orc wizards (D:5)
  A worker ant (D:4)
  An adder (D:2)
  3 oozes
  2 worms
  3 orcs (D:5)
  2 bats
  2 giant cockroaches (D:3)
  5 goblins
  A hobgoblin (D:3)
  5 jackals
  2 giant newts
  2 kobolds
  2 rats (D:3)
34 creatures vanquished.

Vanquished Creatures (collateral kills)
  An orc (D:5)
1 creature vanquished.

Vanquished Creatures (others)
  A jackal (D:2)
1 creature vanquished.

Grand Total: 36 creatures vanquished

Notes
Turn   | Place    | Note
--------------------------------------------------------------
     0 | D:1      | M4edhros the Octopode Artificer began the quest for the Orb.
     0 | D:1      | Reached XP level 1. HP: 13/13 MP: 3/3
   196 | D:1      | Reached XP level 2. HP: 8/18 MP: 4/4
   575 | D:2      | Reached XP level 3. HP: 8/23 MP: 5/5
   598 | D:1      | HP: 1/23 [poisoned by an adder]
  1380 | D:3      | Noticed a scorpion
  1433 | D:4      | Found Oxicoce's Magic Scroll Shoppe.
  1451 | D:4      | Reached XP level 4. HP: 18/28 MP: 6/6
  1498 | D:4      | Noticed st0uf's ghost (weakling DrTm)
  1513 | D:5      | Entered Level 5 of the Dungeon
  1678 | D:5      | Reached skill level 4 in Stealth
  1680 | D:5      | Reached XP level 5. HP: 27/33 MP: 7/7
  2287 | D:5      | Found Qulasch's Book Emporium.
  2300 | D:5      | Found Onigew's Magic Scroll Boutique.
  2340 | D:5      | Noticed Blork the orc
  2351 | D:5      | Killed from afar by Blork the orc

Vault maps used:
D:1:      minmay_arrival_doors, serial_park_tiny_pond, minmay_misc_feat_pillars,
          minmay_newt_pond
D:2:      kennysheep_generic_room_15, uniq_crazy_yiuf_cottage, uniq_sigmund,
          uniq_robin
D:4:      minmay_temple_entry_glassed_door, serial_shops, shop, first_bread
D:5:      serial_shops, shop, shop, nicolae_shop_statue_plus,
          kennysheep_little_box, uniq_blork_the_orc

Action                   |  1- 3 |  4- 6 || total
-------------------------+-------+-------++-------
Melee: Short sword       |    76 |    12 ||    88
Evoke: Wand              |     4 |    15 ||    19
  Use: Potion            |       |     2 ||     2
 Stab: Sleeping          |     4 |       ||     4
  Eat: Chunk             |     1 |     3 ||     4
